 Dungeon Crawl Stone Soup version 0.17.2-1-ge4368a0 (webtiles) character file.

4810 Goblin1989 the Basher (level 10, -5/59 HPs)
             Began as a Vine Stalker Berserker on Sept 8, 2016.
             Was a High Priest of Trog.
             Slain by an unseen horror (8 damage)
             ... on level 10 of the Dungeon on Sept 9, 2016.
             The game lasted 00:28:12 (7532 turns).

Goblin1989 the Basher (Vine Stalker Berserker)      Turns: 7532, Time: 00:28:13

Health: -5/59      AC:  9    Str: 25    XL:     10   Next: 48%
Magic:  0/11       EV: 13    Int:  7    God:    Trog [*****.]
Gold:   475        SH:  0    Dex: 19    Spells: 0 memorised, 9 levels left

rFire  + . .     SeeInvis .     j - +0 flail
rCold  + + +     Clarity  .     C - +0 ring mail of the Other World {rF+ rC+ Dex+4 Slay+2}
rNeg   . . .     SustAt   .     (no shield)
rPois  +         Gourm    .     e - +0 helmet
rElec  .         Spirit   +     (no cloak)
rCorr  .         Warding  .     (no gloves)
rMut   .         Stasis   .     p - +0 pair of boots
MR     +++..                    (no amulet)
Stlth  +.........               s - +3 ring of strength
                                d - ring of protection from cold

@: regenerating, extremely resistant to hostile enchantments, very unstealthy
A: fangs 3, rugged brown scales 1, cold resistance 1, poison resistance,
regeneration 2, robust 1, spit poison 1, magic shield, antimagic bite, no device
heal 3, rot immunity
a: Spit Poison, Berserk, Trog's Hand, Brothers in Arms, Burn Spellbooks,
Renounce Religion


You were on level 10 of the Dungeon.
You worshipped Trog.
Trog was extremely pleased with you.
You were not hungry.

You visited 1 branch of the dungeon, and saw 10 of its levels.

You collected 475 gold pieces.

Inventory:

Hand Weapons
 j - a +0 flail (weapon)
Missiles
 y - 2 throwing nets (quivered)
Armour
 e - a +0 helmet (worn)
 p - a +0 pair of boots (worn)
 q - a troll hide
 A - a +0 plate armour
 C - the +0 ring mail of the Other World (worn) {rF+ rC+ Dex+4 Slay+2}
   (You found it on level 8 of the Dungeon)

   It affects your dexterity (+4).
   It affects your accuracy and damage with ranged weapons and melee attacks
   (+2).
   It protects you from fire.
   It protects you from cold.
Jewellery
 d - a ring of protection from cold (left hand)
 s - a +3 ring of strength (right hand)
 v - an uncursed ring of sustain attributes
Wands
 t - a wand of flame (32)
 F - a wand of digging (9)
Scrolls
 b - 3 scrolls of identify
 f - a scroll of teleportation
 g - 2 scrolls of recharging
 n - 4 scrolls of blinking
 r - a scroll of noise
 u - a scroll of remove curse
 w - 3 scrolls of enchant weapon
 B - a scroll of magic mapping
 E - a scroll of enchant armour {unknown}
 G - a scroll of silence {unknown}
Potions
 a - a potion of experience {unknown}
 h - a potion of flight
 i - a potion of resistance
 k - 8 potions of curing
 l - 2 potions of ambrosia
 D - a potion of heal wounds {unknown}
 I - a potion of poison {unknown}
Books
 o - a book of Beasts

   Spells                             Type                      Level
   a - Summon Butterflies             Summoning                    1
   b - Call Canine Familiar           Summoning                    3
   c - Summon Ice Beast               Ice/Summoning                4
   d - Summon Mana Viper              Hexes/Summoning              5
   e - Summon Hydra                   Summoning                    7
   Trog disapproves of the use of such an item.
 x - a book of Cantrips

   Spells                             Type                      Level
   a - Corona                         Hexes                        1
   b - Animate Skeleton               Necromancy                   1
   c - Summon Small Mammal            Summoning                    1
   d - Apportation                    Translocation                1
   Trog disapproves of the use of such an item.
 z - a book of Beasts

   Spells                             Type                      Level
   a - Summon Butterflies             Summoning                    1
   b - Call Canine Familiar           Summoning                    3
   c - Summon Ice Beast               Ice/Summoning                4
   d - Summon Mana Viper              Hexes/Summoning              5
   e - Summon Hydra                   Summoning                    7
   Trog disapproves of the use of such an item.
Comestibles
 c - 6 bread rations
 m - 6 meat rations
 H - a slice of pizza
 J - 4 chunks of flesh


   Skills:
 + Level 6.0 Fighting
   Level 6.7 Long Blades
 - Level 8.3 Maces & Flails
 + Level 6.1 Armour
 + Level 3.6 Dodging


You had 9 spell levels left.
You didn't know any spells.

Dungeon Overview and Level Annotations

Branches:
Dungeon (10/15)            Temple (0/1) D:5
   Lair: D:8-11         Orc: D:9-12

Altars:
Dithmenos
Fedhas
Gozag
Kikubaaqudgha
Nemelex Xobeh
Okawaru
Qazlal
Sif Muna
Vehumet
Xom
Yredelemnul
Zin
The Shining One

Shops:
D:4 %   D:8 [:


Innate Abilities, Weirdness & Mutations

You have razor-sharp teeth.
You heal very quickly.
When hurt, damage is shared between your health and your magic reserves.
Your bite disrupts and absorbs the magic of your enemies.
Potions and wands cannot restore your health.
You are immune to rotting.
You are partially covered in rugged brown scales (AC +1, +3% HP).
Your flesh is cold resistant.
Your system is resistant to poisons.
You are robust (+10% HP).
You can spit weak poison.


Message History

Something hits you but does no damage. Something hits you.
You take 5 damage, and have 18/59 hp.
You now have 3/11 mp.
Something hits you.
* * * LOW HITPOINT WARNING * * *
You take 2 damage, and have 16/59 hp.
You sock something! You bite something. Something hits you.
* * * LOW HITPOINT WARNING * * *
You take 1 damage, and have 15/59 hp.
You now have 2/11 mp.
Something hits you but does no damage. Something hits you!
* * * LOW HITPOINT WARNING * * *
Something hits you!
* * * LOW HITPOINT WARNING * * *
You take 14 damage, and have 2/59 hp.
MASSIVE DAMAGE!!
You now have 0/11 mp.
Your skin crawls.
You feel resistant to hostile enchantments.
You feel slightly more hungry. Something hits you!
You die...

...........>.....#
.................#
#####..............
. #...#######......
#...# ...... #...#
...... #...# .....
#...#######....#
#......@.......#
...
#=...#########.#
.P..###....#
...........#
...........#
...#####...########
.. #...........
###...........
#.............


There were no monsters in sight!

Vanquished Creatures
  Erolcha (D:8)
  A kobold demonologist (D:7)
  A troll (D:8)
  A polar bear (D:9)
  2 hippogriffs
  4 orc warriors
  A phantom (D:9)
  An ice beast (D:9)
  An ogre (D:8)
  2 sky beasts
  5 centaurs
  2 big kobolds
  3 giant frogs
  2 scorpions (D:4)
  4 killer bees (D:9)
  2 crimson imps
  A giant frog zombie (D:5)
  A wyvern simulacrum (D:9)
  5 orc priests
  3 iguanas
  8 worker ants
  Jessica (D:3)
  A giant frog skeleton (D:5)
  4 hounds
  Natasha (thrice) (D:3)
  6 orc wizards
  A killer bee zombie (D:5)
  2 hound zombies
  2 hound skeletons
  3 gnolls (D:7)
  A worker ant zombie (D:7)
  Robin (D:3)
  13 adders
  4 worker ant simulacra (D:9)
  3 adder zombies
  An ooze (D:3)
  3 worms
  3 giant geckos
  31 orcs
  6 bats
  5 giant cockroaches
  14 hobgoblins
  9 jackals
  3 quokkas
  A ball python (D:2)
  A giant gecko skeleton (D:7)
  6 giant newts
  15 goblins
  10 kobolds
  A quokka zombie (D:9)
  6 rats
211 creatures vanquished.

Notes
Turn   | Place    | Note
--------------------------------------------------------------
     0 | D:1      | Goblin1989 the Vine Stalker Berserker began the quest for the Orb.
     0 | D:1      | Reached XP level 1. HP: 11/11 MP: 2/2
    46 | D:1      | Reached skill level 3 in Maces & Flails
    68 | D:1      | Reached XP level 2. HP: 13/16 MP: 3/3
   307 | D:1      | Reached ** piety under Trog
   473 | D:1      | Reached XP level 3. HP: 14/19 MP: 4/4
   909 | D:2      | Reached skill level 4 in Maces & Flails
  1031 | D:2      | Found a basalt altar of Yredelemnul.
  1036 | D:2      | Found a glowing golden altar of the Shining One.
  1038 | D:2      | Noticed an angel
  1129 | D:2      | Reached XP level 4. HP: 21/23 MP: 5/5
  2097 | D:3      | Reached XP level 5. HP: 27/27 MP: 6/6
  2143 | D:3      | Noticed Natasha
  2152 | D:3      | Killed Natasha
  2152 | D:3      | Reached skill level 5 in Maces & Flails
  2189 | D:3      | Noticed Natasha
  2196 | D:3      | Killed Natasha
  2387 | D:3      | Noticed Jessica
  2393 | D:3      | Killed Jessica
  2415 | D:3      | Noticed Natasha
  2435 | D:3      | Killed Natasha
  2435 | D:3      | Reached *** piety under Trog
  2608 | D:3      | Noticed Robin
  2640 | D:3      | Killed Robin
  2862 | D:4      | Gained mutation: You heal very quickly. [Vine Stalker growth]
  2862 | D:4      | Reached XP level 6. HP: 14/32 MP: 2/7
  2878 | D:4      | Got a crystal long sword
  2879 | D:4      | Identified the cursed +0 long sword of the Unliving {venom, MR+ Int+7} (You found it on level 4 of the Dungeon)
  2943 | D:4      | Found Fustraoko's Food Shop.
  2988 | D:4      | Reached skill level 6 in Maces & Flails
  3122 | D:4      | Noticed a sky beast
  3135 | D:4      | Killed a sky beast
  3213 | D:4      | Reached XP level 7. HP: 31/35 MP: 6/8
  3437 | D:5      | Entered Level 5 of the Dungeon
  3572 | D:5      | Reached skill level 7 in Maces & Flails
  3710 | D:5      | Found an ancient bone altar of Kikubaaqudgha.
  3725 | D:5      | Found a deep blue altar of Sif Muna.
  3726 | D:5      | Reached **** piety under Trog
  3756 | D:5      | Gained mutation: You have razor-sharp teeth. [Vine Stalker growth]
  3756 | D:5      | Reached XP level 8. HP: 31/39 MP: 9/9
  4020 | D:5      | Found a staircase to the Ecumenical Temple.
  4102 | D:5      | Reached skill level 8 in Maces & Flails
  4143 | D:5      | Gained mutation: You are partially covered in rugged brown scales (AC +1, +3% HP). [mutagenic meat]
  4144 | D:5      | Gained mutation: You can spit weak poison. [mutagenic meat]
  4145 | D:5      | Gained mutation: Your system is resistant to poisons. [mutagenic meat]
  4146 | D:5      | Gained mutation: You are robust (+10% HP). [mutagenic meat]
  4147 | D:5      | Gained mutation: Your flesh is cold resistant. [mutagenic meat]
  4356 | D:6      | Found a shadowy altar of Dithmenos.
  4547 | D:6      | Reached skill level 1 in Long Blades
  5391 | D:7      | Reached XP level 9. HP: 44/49 MP: 8/10
  5400 | D:7      | Found a sparkling altar of Nemelex Xobeh.
  5400 | D:7      | Found a shimmering altar of Xom.
  5401 | D:7      | Found a blossoming altar of Fedhas.
  5408 | D:7      | Found an opulent altar of Gozag.
  5440 | D:7      | Noticed a kobold demonologist
  5458 | D:7      | Killed a kobold demonologist
  5458 | D:7      | Reached skill level 5 in Armour
  5826 | D:8      | Noticed Erolcha
  5842 | D:8      | Killed Erolcha
  5842 | D:8      | Reached skill level 5 in Long Blades
  5868 | D:8      | Got a smoking ring mail
  5879 | D:8      | Identified the cursed +0 ring mail of the Other World {rF+ rC+ Dex+4 Slay+2} (You found it on level 8 of the Dungeon)
  5881 | D:8      | Found a stormy altar of Qazlal.
  5930 | D:8      | Found Axodunt's Book Boutique.
  5987 | D:9      | Reached skill level 5 in Fighting
  5994 | D:9      | Reached XP level 10. HP: 7/57 MP: 11/11
  6094 | D:9      | Found an iron altar of Okawaru.
  6684 | D:9      | Found a radiant altar of Vehumet.
  6892 | D:8      | Found Honkia's Armour Shop.
  7204 | D:8      | Found a glowing silver altar of Zin.
  7423 | D:10     | Entered Level 10 of the Dungeon
  7467 | D:10     | Reached ***** piety under Trog
  7531 | D:10     | HP: 2/59 [something (9)]
  7532 | D:10     | Slain by an unseen horror

Action                   |  1- 3 |  4- 6 |  7- 9 | 10-12 || total
-------------------------+-------+-------+-------+-------++-------
Melee: Mace              |   112 |   144 |   251 |    53 ||   560
       Long sword        |       |    27 |    13 |       ||    40
       Flail             |       |       |       |    56 ||    56
Invok: Berserk           |       |     1 |     5 |     3 ||     9
       Trog's Hand       |       |       |     3 |     2 ||     5
  Use: Scroll            |       |    11 |     3 |     1 ||    15
  Eat: Chunk             |     1 |     8 |    15 |     2 ||    26
       Beef jerky        |       |       |     1 |       ||     1
       Royal jelly       |       |       |     1 |     1 ||     2
       Meat ration       |       |       |       |     1 ||     1
